 Dungeon Crawl Stone Soup version 0.29.1-2-gbd0b4ee654 (webtiles) character file.

Game seed: 9999560425794254773

65 warriortoast the Sneak (level 3, 0/16 HPs)
             Began as a Spriggan Enchanter on Nov 19, 2022.
             Killed from afar by Natasha (7 damage)
             ... with a puff of flame
             ... on level 2 of the Dungeon.
             The game lasted 00:03:28 (1866 turns).

warriortoast the Sneak (Spriggan Enchanter)         Turns: 1866, Time: 00:03:29

Health: 0/16       AC:  3    Str:  6    XL:     3   Next: 92%
Magic:  4/8        EV: 21    Int: 16    God:
Gold:   71         SH:  0    Dex: 15    Spells: 6/8 levels left

rFire   . . .      SeeInvis +   a - +1 dagger
rCold   . . .      Faith    .   (no shield)
rNeg    . . .      Spirit   .   b - +0 robe
rPois   .          Reflect  .   (helmet restricted)
rElec   .          Harm     .   r - +0 cloak
rCorr   .          Rampage  .   (gloves unavailable)
Will    .....                   (boots unavailable)
Stlth   +++.......              (no amulet)
HPRegen 0.05/turn               k - +4 ring of evasion
MPRegen 0.11/turn               (no ring)

@: very slightly contaminated, very quick
A: very small, no large weapons, unfitting armour, see invisible, speed 3
a: no special abilities


You were on level 2 of the Dungeon.
You visited 1 branch of the dungeon, and saw 2 of its levels.

You collected 71 gold pieces.

Inventory:

Hand Weapons
 a - a +1 dagger (weapon)
 j - a +1 short sword of venom
Missiles
 f - 7 poisoned darts (quivered)
Armour
 b - a +0 robe (worn)
 r - a +0 cloak (worn)
Jewellery
 k - a +4 ring of evasion (left hand)
Scrolls
 e - 3 scrolls of vulnerability {unknown}
 h - a scroll of teleportation {unknown}
 i - a scroll of identify {unknown}
 n - a scroll of poison {unknown}
 o - a scroll of amnesia {unknown}
Potions
 c - 3 potions of invisibility
 d - 2 potions of curing {unknown}
 g - a potion of heal wounds {unknown}
 l - a potion of attraction {unknown}
 m - a potion of mutation {unknown}
 p - a potion of experience {unknown}
 q - 2 potions of berserk rage {unknown}
 s - a potion of lignification {unknown}


   Skills:
 + Level 1.8 Short Blades
 + Level 3.3 Dodging
 + Level 5.0 Stealth
 + Level 3.3 Spellcasting
 * Level 4.4 Hexes


You had 6 spell levels left.
You knew the following spells:

 Your Spells              Type           Power      Damage    Failure   Level
a - Ensorcelled Hibernat  Hex/Ice        18%        N/A       11%         2

Your spell library contained the following spells:

 Spells                   Type           Power      Damage    Failure   Level
 Confusing Touch          Hex            17%        N/A       9%          3
 Tukima's Dance           Hex            17%        N/A       9%          3
 Dazzling Flash           Conj/Hex       18%        N/A       22%         3
 Passwall                 Tmut/Erth      1%         N/A       26%         2
 Gell's Gravitas          Tloc           2%         N/A       47%         3
 Swiftness                Air            2%         N/A       47%         3
 Teleport Other           Tloc           2%         N/A       47%         3
 Dispersal                Tloc           1%         N/A       100%        6


Dungeon Overview and Level Annotations

Branches:
Dungeon (2/15)

Altars:
Ashenzari

Shops:
D:1 ?

Annotations:
D:2 Natasha


Innate Abilities, Weirdness & Mutations

You are very small and have problems with some larger weapons.
You are too small for most types of armour.
You have supernaturally acute eyesight. (SInv)
You cover ground extremely quickly. (Speed+++)


Message History

You see here a +0 leather armour.
Found a robe.
Found a stone staircase leading down.
Found a stone staircase leading up.
Found a ring mail.
There is an open door here.
Found a stone staircase leading down.
e - 3 scrolls labelled KIMPOIC KOFY (gained 1)
s - a murky orange potion You open the door.
Found a ring mail.
There is an open door here.
You see here a +0 ring mail.
Found a cloak.
You see here a +0 cloak.
Found 3 boomerangs.
Natasha, Servant of Life and Death comes into view.
She is carrying a wand of flame (17).
Natasha moves out of view.
Natasha hisses angrily.
Natasha is nearby!
Natasha is nearby!
Found 12 gold pieces.
Natasha is nearby!
Casting: Ensorcelled Hibernation (safe; 11% risk of failure)
Confirm with . or Enter, or press ? or * to list all spells.
Aiming: Ensorcelled Hibernation (safe; 11% risk of failure)
Press: ? - help, Shift-Dir - straight line, f - Natasha
Aim: Natasha, carrying a wand of flame (17) (chance to affect: 43%) Natasha resists with some effort.
Natasha zaps a wand.
The puff of flame hits you!
Ouch! That really hurt!
Casting: Ensorcelled Hibernation (safe; 11% risk of failure)
Confirm with . or Enter, or press ? or * to list all spells.
Aiming: Ensorcelled Hibernation (safe; 11% risk of failure)
Press: ? - help, Shift-Dir - straight line, f/p - Natasha
Aim: Natasha, carrying a wand of flame (16) (chance to affect: 43%)
You miscast Ensorcelled Hibernation.
You are very lightly contaminated with residual magic.
Nothing appears to happen.
Natasha zaps a wand.
The puff of flame hits you!
You die...

#.....# ##(..#### #
#.###.# ##.##
#.###.###.# #.#
#.........# #.#
#.........# ##+##
#.###.#.#.# ##...## #
##.#.#.# ##..>..##
#....#.###.[.....##
#.@..#.##.........#
#.......'.........'
......#.##<........#
#$..h.....###.......##
####.###### ##.....##
#. ##...## #. ##'## ##
#.# #.#


You could see Natasha.

Vanquished Creatures
  Natasha (D:2)
  A dart slug (D:1)
  A ball python (D:2)
  4 bats
  6 endoplasms
  3 giant cockroaches
  A goblin (D:2)
  3 hobgoblins
  4 jackals (D:2)
  2 quokkas (D:1)
  2 frilled lizards
  2 kobolds (D:1)
  3 rats (D:1)
33 creatures vanquished.

Notes
Turn   | Place    | Note
-------+----------+-------------------------------------------
     0 | D:1      | warriortoast the Spriggan Enchanter began the quest for the
                  | Orb.
     0 | D:1      | Reached XP level 1. HP: 9/9 MP: 5/5
    92 | D:1      | Found a faded altar of an unknown god.
   119 | D:1      | Reached XP level 2. HP: 13/13 MP: 6/6
   128 | D:1      | Learned a level 2 spell: Ensorcelled Hibernation
   166 | D:1      | Found Duoracel's Magic Scroll Boutique.
  1077 | D:2      | Found a broken altar of Ashenzari.
  1144 | D:2      | Reached XP level 3. HP: 13/16 MP: 8/8
  1363 | D:2      | Noticed Natasha
  1431 | D:2      | Killed Natasha
  1432 | D:2      | Reached skill level 5 in Stealth
  1861 | D:2      | Noticed Natasha
  1866 | D:2      | Killed from afar by Natasha

Illustrated notes

Levels and vault maps discovered:
D:1:      co_arrival_square_in_a_square_in_a_square, layout_rooms, serial_shops,
          nicolae_shop_competitors_out_of_business,
          ebering_ecumenical_altar_hall
D:2:      layout_loops_corners, basic_altar, grunt_decor_junction, uniq_natasha

Skill      XL: |  1  2  3 |
---------------+----------+-----
Dodging        | 3 |  3.3
Spellcasting   | 3 |  3.3
Hexes          | 4 |  4.4
Stealth        | 5 |  5.0
Short Blades   | |  1.8

Action                   || total
-------------------------++-------
Melee: Dagger            ||   108
 Cast: Ensorcelled Hiber ||     1
 Stab: Sleeping          ||     7
Armor: Robe              ||     8
Dodge: Dodged            ||    89
